 Dungeon Crawl Stone Soup version 0.23.2-33-g5129a83184 (webtiles) character file.

Game seed: 10848579492451836464

163 Kold the Insei (level 5, -2/33 HPs)
             Began as an Octopode Transmuter on July 20, 2019.
             Slain by a centaur (7 damage)
             ... on level 3 of the Dungeon.
             The game lasted 00:03:13 (2491 turns).

Kold the Insei (Octopode Transmuter)                Turns: 2491, Time: 00:03:14

Health: -2/33      AC:  1    Str: 10    XL:     5   Next: 44%
Magic:  7/8        EV: 14    Int: 15    God:
Gold:   143        SH:  0    Dex: 13    Spells: 7/8 levels left

rFire    . . .     SeeInvis .     - Unarmed
rCold    . . .     Gourm    .   (no shield)
rNeg     . . .     Faith    .   (helmet restricted)
rPois    .         Spirit   .   (no amulet)
rElec    .         Reflect  .   (no ring)
rCorr    .         Harm     .   (no ring)
MR       .....                  (no ring)
Stlth    ++........             (no ring)
HPRegen  0.11/turn              (no ring)
MPRegen  0.11/turn              (no ring)
                                (no ring)
                                (no ring)

@: appendage
A: almost no armour, stealthy swim, amphibious, 8 rings, constrict 8, tentacle
spike 3, camouflage 1, gelatinous body 1
a: End Transformation


You were on level 3 of the Dungeon.
You were hungry.
One of your tentacles had a temporary spike.
You visited 1 branch of the dungeon, and saw 3 of its levels.

You collected 143 gold pieces.

Inventory:

Missiles
 a - 12 arrows
Scrolls
 d - a scroll of teleportation {unknown}
 e - a scroll of random uselessness {unknown}
 i - a scroll of immolation {unknown}
 j - a scroll of identify {unknown}
 k - a scroll of magic mapping {unknown}
 m - 3 scrolls of remove curse {unknown}
Potions
 b - 2 potions of brilliance {unknown}
 f - a potion of agility {unknown}
 g - a potion of berserk rage {unknown}
 h - a potion of lignification {unknown}
 l - a potion of curing {unknown}
 n - a potion of flight {unknown}
Comestibles
 c - 6 rations
 o - 3 chunks of flesh


   Skills:
 - Level 1.0 Fighting
 + Level 3.5 Dodging
 + Level 4.1 Unarmed Combat
 - Level 2.0 Spellcasting
 + Level 3.5 Transmutations


You had 7 spell levels left.
You knew the following spells:

 Your Spells              Type           Power        Failure   Level  Hunger
a - Beastly Appendage     Tmut           ##....       5%          1    #......

Your spell library contained the following spells:

 Spells                   Type           Power        Failure   Level  Hunger
 Sticks to Snakes         Tmut           ##......     8%          2    ###....
 Spider Form              Tmut/Pois      #.........   32%         3    ###....
 Ice Form                 Ice/Tmut       #.......     71%         4    #####..
 Blade Hands              Tmut           ##........   82%         5    ######.


Dungeon Overview and Level Annotations

Branches:
Dungeon (3/15)

Altars:


Innate Abilities, Weirdness & Mutations

You cannot wear most types of armour.
You are very stealthy in the water. (Stealth+)
You are amphibious.
You can wear up to eight rings at the same time.
You can use your tentacles to constrict eight enemies at once.
Your skin changes colour to match your surroundings (Stealth+).
Your rubbery body absorbs attacks. (AC +1, EV +1)
One of your tentacles bears a large vicious spike.


Message History

Casting: Beastly Appendage (safe; 5% risk of failure)
Confirm with . or Enter, or press ? or * to list all spells.
One of your tentacles grows a vicious spike.
You are feeling hungry.
The centaur shouts!
The centaur wields a +0 shortbow.
The centaur shoots an arrow.
The arrow hits you!
The centaur shoots an arrow.
The arrow hits you.
You see here an arrow.
The centaur shoots an arrow.
The arrow hits you!
You see here an arrow.
The centaur shoots an arrow.
The arrow barely misses you.
The centaur shoots an arrow.
The arrow hits you.
* * * LOW HITPOINT WARNING * * *
You see here an arrow.
The centaur unwields a +0 shortbow.
The centaur misses you.
You tentacle-slap the centaur. You squeeze the centaur.
The centaur is moderately wounded.
The centaur hits you!
You die...

.......#########.#
.......#########.#
..)..(.........#.#
..)............#.#
...............#.#
...............#.#
.............^.%.##+####
........................
##'####.[.(..(((@c......
#.####.....(...........
#.....<................
##########+############


You could see a centaur.

Vanquished Creatures
  2 orc wizards (D:3)
  4 adders
  A worm (D:3)
  3 leopard geckos (D:3)
  4 orcs (D:3)
  2 ball pythons (D:2)
  7 giant cockroaches
  4 goblins
  9 hobgoblins
  7 jackals
  A quokka (D:2)
  7 bats
  2 frilled lizards (D:1)
  5 kobolds
  3 rats
61 creatures vanquished.

Notes
Turn   | Place    | Note
-------+----------+-------------------------------------------
     0 | D:1      | Kold the Octopode Transmuter began the quest for the Orb.
     0 | D:1      | Reached XP level 1. HP: 13/13 MP: 3/3
   491 | D:1      | Reached XP level 2. HP: 13/18 MP: 3/5
   894 | D:2      | Reached XP level 3. HP: 18/23 MP: 4/6
  1421 | D:2      | Reached XP level 4. HP: 25/28 MP: 5/7
  1936 | D:3      | Reached skill level 4 in Unarmed Combat
  1936 | D:3      | Reached XP level 5. HP: 9/33 MP: 8/8
  2484 | D:3      | Noticed a centaur
  2491 | D:3      | Slain by a centaur

Skill      XL: |  1  2  3  4 |
---------------+-------------+-----
Transmutations | 3 |  3.5
Dodging        | 3 |  3.5
Unarmed Combat | 4 |  4.1
Fighting       | |  1.0
Spellcasting   | |  2.0

Action                   |  1- 3 |  4- 6 || total
-------------------------+-------+-------++-------
Melee: Unarmed           |    69 |    64 ||   133
       Kick              |    13 |    12 ||    25
       Constrict         |    22 |    20 ||    42
       Punch             |     4 |     1 ||     5
       Tentacles         |     8 |    14 ||    22
 Cast: Beastly Appendage |    16 |    11 ||    27
 Stab: Sleeping          |     5 |     1 ||     6
  Eat: Chunk             |     2 |     3 ||     5
Armor: Skin              |     5 |     2 ||     7
Dodge: Dodged            |    51 |    56 ||   107
